 Dungeon Crawl Stone Soup version 0.24.0-37-gcf1ca852f1 (webtiles) character file.

Game seed: 4759700433406238787, levelgen mode: deterministic

10383 grindst0ne the Blocker (level 11, -4/90 HPs)
             Began as a Vampire Fighter on Nov 21, 2019.
             Was an Initiate of Gozag.
             Slain by a bullfrog (6 damage)
             ... on level 11 of the Dungeon.
             The game lasted 00:26:45 (10179 turns).

grindst0ne the Blocker (Vampire Fighter)           Turns: 10179, Time: 00:26:46

Health: -4/90      AC: 11    Str: 16    XL:     11   Next: 35%
Magic:  11/11      EV:  9    Int: 12    God:    Gozag
Gold:   391        SH: 13    Dex: 13    Spells: 10/10 levels left

rFire    . . .     SeeInvis +   t - +4 scimitar (flame)
rCold    + . .     Gourm    .   d - +2 shield
rNeg     . . .     Faith    .   f - +0 chain mail
rPois    .         Spirit   .   (helmet restricted)
rElec    .         Reflect  .   E - +0 cloak {MR+}
rCorr    +         Harm     .   (no gloves)
MR       ++...                  (no boots)
Stlth    ..........             (no amulet)
HPRegen  0.45/turn              s - ring of resist corrosion
MPRegen  0.12/turn              y - ring of protection from cold

@: flying, regenerating quickly
A: no food, fangs 3, horns 1, see invisible, clumsy 1, unbreathing, MP-powered
wands
a: Exsanguinate, Potion Petition, Call Merchant, Bribe Branch, Renounce Religion


You were on level 11 of the Dungeon.
You worshipped Gozag.
Gozag was aware of your devotion.
You were alive.

You visited 2 branches of the dungeon, and saw 12 of its levels.

You collected 1203 gold pieces.
You spent 261 gold pieces at shops.
You paid 551 gold pieces to Gozag.

Inventory:

Hand Weapons
 t - a +4 scimitar of flaming (weapon)
 v - a +2 dagger of venom
Missiles
 j - 3 throwing nets
 q - 10 javelins (quivered)
Armour
 d - a +2 shield (worn)
 f - a +0 chain mail (worn)
 w - a +0 helmet
 E - a +0 cloak of magic resistance (worn)
Jewellery
 s - a ring of resist corrosion (left hand)
 y - a ring of protection from cold (right hand)
Wands
 m - a wand of paralysis (6)
 p - a wand of acid (1)
 B - a wand of polymorph (10)
 D - a wand of clouds (3)
 G - a wand of iceblast (6)
Scrolls
 a - 3 scrolls of remove curse
 b - a scroll of enchant weapon
 h - 2 scrolls of fog
 l - a scroll of random uselessness {unknown}
 n - a scroll of blinking {unknown}
 o - a scroll of immolation
 r - 3 scrolls of amnesia
Potions
 g - a potion of brilliance
 k - 4 potions of magic
 u - 2 potions of cancellation
 x - 2 potions of resistance
 A - a potion of heal wounds {unknown}
Miscellaneous
 F - a fan of gales


   Skills:
 + Level 10.0 Fighting
 + Level 4.3 Long Blades
 + Level 6.1 Armour
 + Level 7.2 Dodging
 + Level 10.0 Shields


You had 10 spell levels left.
You didn't know any spells.
Your spell library contained the following spells:

 Spells                   Type           Power        Failure   Level  Hunger
 Freeze                   Ice            #...         100%        1    N/A
 Infusion                 Chrm           #...         100%        1    N/A
 Sting                    Conj/Pois      #...         100%        1    N/A
 Poisonous Vapours        Pois/Air       #.....       100%        2    N/A
 Shroud of Golubria       Chrm/Tloc      #.....       100%        2    N/A
 Song of Slaying          Chrm           #.......     100%        2    N/A
 Throw Frost              Conj/Ice       #.....       100%        2    N/A
 Mephitic Cloud           Conj/Pois/Air  #.......     100%        3    N/A
 Ozocubu's Armour         Chrm/Ice       #.......     100%        3    N/A
 Regeneration             Chrm/Necr      #.........   100%        3    N/A
 Spectral Weapon          Hex/Chrm       #.......     100%        3    N/A
 Olgreb's Toxic Radiance  Pois           #.......     100%        4    N/A
 Summon Ice Beast         Ice/Summ       #.......     100%        4    N/A
 Throw Icicle             Conj/Ice       #.......     100%        4    N/A
 Venom Bolt               Conj/Pois      #.........   100%        5    N/A

Dungeon Overview and Level Annotations

Branches:
Dungeon (11/15)            Temple (1/1) D:7            Lair (0/6) D:11
    Orc (0/2) D:10

Altars:
Cheibriados
Dithmenos
Elyvilon
Fedhas
Gozag
Kikubaaqudgha
Makhleb
Ru
Trog
Uskayaw
Vehumet
Wu Jian
Xom
Yredelemnul
Zin
The Shining One

Shops:
D:5 :*(?%   D:10 (

Annotations:
D:5 1 runed translucent door
D:6 1 transporter, Esekla's ghost, novice DsWn
D:9 exclusion: statue


Innate Abilities, Weirdness & Mutations

You do not eat.
Your natural rate of healing is unusually fast.
You have razor-sharp teeth.
You have supernaturally acute eyesight. (SInv)
You can survive without breathing.
You have a pair of small horns on your head.
You are clumsy. (Dex -2)
You expend magic power (3 MP) to strengthen your wands.


Message History

Okay, then.
It was a potion of flight.
You feel very buoyant.
You fly up into the air.
The bullfrog barely misses you. You block the bullfrog's attack.
The bullfrog barely misses you.
You riposte.
You slash the bullfrog! You burn the bullfrog.
The bullfrog is severely wounded.
It was a potion of mutation.
You feel extremely strange. A pair of horns grows on your head!
Your +0 helmet falls away!
You feel clumsy.
You feel your magical essence link to the dungeon's wands.
The bullfrog closely misses you.
You riposte.
Your shield and chain mail prevent you from hitting the bullfrog.
The bullfrog is heavily wounded.
You block the bullfrog's attack.
A wight comes into view. It is wielding a +2 mace.
The bullfrog hits you.
You die...
Your body crumbles into a pile of gold.

*,,,*** ***** **,,,,,,
*,,,,,** *,,,***,.PP...
*,,,*,,** ###**,,,*,,,.P...P
*,,,,*,,*** #..**,,.P...P.....
*,,,,,,,,,* #..##,....PP..P...
*,,,**,**,**
*...##.P.P...P...P
***,,,,,,,,*
*,...#.P.......P.P
*,**,*,*,######W.#P.P.P...P.>.
*,**,*,*,#zzF@Fs.....P........
*,**,,.z..r####F...P..P.......
*,****#..,>.###....$..........
*,* #,,...........P........P
*,* *,,.....................
*,* *,,..#.......G..P.....P.
*,* ***,,.......F..#..........
*,* *,,,,....##....#.......P..
*,***,,,,...r,$##..#*....#..##


You could see an eye of draining, a shadow (inner flame), 3 bullfrogs, a
scorpion (inner flame), a porcupine and 3 wights.

Vanquished Creatures
  Erica (D:11)
  A tengu warrior (D:11)
  An unseen horror (D:11)
  A cyclops (D:11)
  Maurice (D:9)
  Joseph (D:8)
  Prince Ribbit (D:6)
  A hippogriff (D:7)
  A wraith (D:10)
  Sigmund (D:6)
  6 yaks (D:10)
  A wyvern (D:10)
  Grum (D:10)
  4 hungry ghosts
  Menkaure (D:5)
  3 black bears
  3 ice beasts
  2 phantoms
  5 orc warriors
  A sky beast (D:7)
  2 necrophages
  7 centaurs
  3 ogres
  4 wolves (D:10)
  3 crocodiles (D:11)
  5 bullfrogs
  A scorpion (D:8)
  5 killer bees (D:10)
  9 wights
  A crimson imp (D:6)
  3 bullfrog zombies
  4 hounds
  A human zombie (D:5)
  8 orc priests
  2 jellies
  2 quasits
  A centaur skeleton (D:2)
  A bullfrog skeleton (D:9)
  A gnoll shaman (D:7)
  Terence (D:3)
  4 iguanas
  6 worker ants
  Natasha (thrice) (D:2)
  9 orc wizards
  2 hound skeletons
  A worker ant zombie (D:6)
  9 adders
  5 gnolls (D:7)
  3 shadow imps
  2 oozes
  An adder zombie (D:5)
  An adder skeleton (D:4)
  2 worms
  3 dart slugs
  7 leopard geckos
  46 orcs
  3 ball pythons
  4 bats
  2 giant cockroaches
  12 goblins
  11 hobgoblins
  7 jackals
  2 quokkas
  3 frilled lizards
  6 kobolds
  A kobold skeleton (D:5)
  A quokka skeleton (D:9)
  9 rats
266 creatures vanquished.

Vanquished Creatures (others)
  An octopode (D:1)
  A gargoyle (D:1)
  An elf (D:1)
  2 spriggans (D:1)
  A vampire (D:1)
  A naga (D:1)
  2 dwarves (D:1)
  5 orcs
  48 fungi (D:11)
  16 plants (D:11)
  4 tentacles (D:1)
82 creatures vanquished.

Grand Total: 348 creatures vanquished

Notes
Turn   | Place    | Note
-------+----------+-------------------------------------------
     0 | D:1      | grindst0ne the Vampire Fighter began the quest for the Orb.
     0 | D:1      | Reached XP level 1. HP: 17/17 MP: 1/1
     0 | D:1      | Noticed a naga
     0 | D:1      | Noticed a dwarf
     0 | D:1      | Noticed a gargoyle
     0 | D:1      | Noticed a dwarf
     0 | D:1      | Noticed an octopode
     0 | D:1      | Noticed a kraken
     0 | D:1      | Noticed a spriggan
     0 | D:1      | Noticed an elf
     0 | D:1      | Noticed a vampire
     0 | D:1      | Noticed a spriggan
     3 | D:1      | Killed an octopode
     4 | D:1      | Killed a naga
     6 | D:1      | Killed a gargoyle
     9 | D:1      | Killed a dwarf
    11 | D:1      | Killed an elf
    14 | D:1      | Killed a spriggan
    16 | D:1      | Killed a dwarf
    16 | D:1      | Killed a vampire
    16 | D:1      | Killed a spriggan
   166 | D:1      | Reached XP level 2. HP: 23/23 MP: 2/2
   668 | D:2      | Reached XP level 3. HP: 18/29 MP: 3/3
   721 | D:2      | Noticed Natasha
   745 | D:2      | Killed Natasha
   745 | D:2      | Reached XP level 4. HP: 32/35 MP: 4/4
   824 | D:2      | Noticed Natasha
   858 | D:2      | Killed Natasha
   957 | D:2      | Reached XP level 5. HP: 31/42 MP: 5/5
  1027 | D:2      | Noticed Natasha
  1034 | D:2      | Killed Natasha
  1581 | D:3      | Noticed Terence
  1603 | D:3      | Killed Terence
  1616 | D:3      | Reached XP level 6. HP: 19/48 MP: 6/6
  2284 | D:4      | Found a hide-covered altar of Uskayaw.
  2348 | D:4      | Reached XP level 7. HP: 22/55 MP: 7/7
  2353 | D:4      | Reached skill level 5 in Fighting
  2353 | D:4      | Reached skill level 5 in Shields
  2898 | D:5      | Entered Level 5 of the Dungeon
  2906 | D:5      | Found a runed translucent door.
  2906 | D:5      | Noticed a human
  2917 | D:5      | You fall into a shaft and drop 2 floors!
  3050 | D:7      | Noticed a hippogriff
  3122 | D:6      | Noticed Prince Ribbit
  3122 | D:6      | Noticed Sigmund
  3151 | D:6      | Reached XP level 8. HP: 23/64 MP: 8/8
  3173 | D:6      | Killed Prince Ribbit
  3523 | D:6      | Killed Sigmund
  3676 | D:6      | Found a transporter.
  3686 | D:6      | Noticed Esekla's ghost (novice DsWn)
  3687 | D:6      | Noticed a two-headed ogre
  3833 | D:5      | Noticed Menkaure
  3979 | D:5      | Found Emeacois's Assorted Antiques.
  4020 | D:5      | Found Jaev Zag's Weapon Shoppe.
  4025 | D:5      | Found Ugu Daon's Magic Scroll Shop.
  4031 | D:5      | Found a burning altar of Makhleb.
  4039 | D:5      | Killed Menkaure
  4039 | D:5      | Reached XP level 9. HP: 16/72 MP: 9/9
  4239 | D:5      | Found an ancient bone altar of Kikubaaqudgha.
  4244 | D:5      | Bought a scroll of remove curse for 33 gold pieces
  4244 | D:5      | Bought a scroll of fog for 22 gold pieces
  4244 | D:5      | Bought a scroll of noise for 11 gold pieces
  4280 | D:5      | Found Uguipe Emur's Food Shop.
  4357 | D:5      | Found a basalt altar of Yredelemnul.
  4412 | D:5      | Found Tuaph's Book Emporium.
  4770 | D:7      | Found a basalt altar of Yredelemnul.
  4931 | D:7      | Found a staircase to the Ecumenical Temple.
  4936 | D:7      | Reached skill level 1 in Dodging
  5314 | D:7      | HP: 2/73 [orc priest/+0 falchion (3)]
  6267 | D:8      | Found a shimmering altar of Xom.
  6389 | Temple   | Entered the Ecumenical Temple
  6397 | Temple   | Became a worshipper of Gozag Ym Sagoz the Greedy
  6477 | D:8      | Noticed Joseph
  6496 | D:8      | Killed Joseph
  6719 | D:8      | Reached XP level 10. HP: 78/81 MP: 10/10
  7078 | D:9      | Found a bloodstained altar of Trog.
  7121 | D:9      | Found a snail-covered altar of Cheibriados.
  7165 | D:9      | Noticed Maurice
  7197 | D:9      | Killed Maurice
  7336 | D:9      | Found a radiant altar of Vehumet.
  7505 | D:10     | Entered Level 10 of the Dungeon
  7630 | D:10     | Found a staircase to the Orcish Mines.
  7631 | D:10     | Noticed Grum
  7660 | D:10     | Killed Grum
  7671 | D:10     | Reached skill level 5 in Dodging
  7967 | D:10     | Found Johadwoc's Antique Weapon Shop.
  7971 | D:10     | Bought a runed long sword for 195 gold pieces
  8288 | D:10     | Reached skill level 5 in Armour
  9415 | D:11     | Noticed an unseen horror
  9434 | D:11     | Killed an unseen horror
  9434 | D:11     | Reached XP level 11. HP: 87/89 MP: 11/11
  9551 | D:11     | Noticed a tengu warrior
  9558 | D:11     | Killed a tengu warrior
  9693 | D:11     | Noticed Erica
  9739 | D:11     | Killed Erica
  9739 | D:11     | Reached skill level 10 in Shields
  9744 | D:11     | Reached skill level 10 in Fighting
 10126 | D:11     | Noticed an eight-headed hydra
 10163 | D:11     | Found a staircase to the Lair.
 10163 | D:11     | Noticed an unseen horror
 10165 | D:11     | Noticed a two-headed ogre
 10170 | D:11     | HP: 3/90 [bullfrog (2)]
 10177 | D:11     | HP: 1/90 [bullfrog (5)]
 10179 | D:11     | Gained mutation: You have a pair of small horns on your
                  | head. [potion of mutation]
 10179 | D:11     | Gained mutation: You are clumsy. (Dex -2) [potion of
                  | mutation]
 10179 | D:11     | Gained mutation: You expend magic power (3 MP) to
                  | strengthen your wands. [potion of mutation]
 10179 | D:11     | Slain by a bullfrog

Levels and vault maps discovered:
D:1:      nicolae_arrival_kraken_aquarium_a, layout_loops_cross
D:2:      layout_basic, first_ration, uniq_natasha
D:3:      layout_basic, minmay_joined_circles, uniq_terence
D:4:      layout_rooms, eat_drink_and_be_merry_uskayaw
D:5:      layout_rooms, chequers_temple_overflow_statue_of_worship,
          serial_shops, shop, nicolae_shop_trees, shop, shop,
          nicolae_shop_waterfront, dk_yredelemnul_ordeal, uniq_menkaure
D:6:      layout_rooms, gammafunk_ghost_smash, hangedman_decor_riveting,
          uniq_prince_ribbit1, uniq_sigmund
D:7:      layout_loops_cross, nicolae_overflow_hidden_temple,
          minmay_temple_entry_fiery
D:8:      layout_basic, nicolae_overflow_crystal_walls, uniq_joseph
D:9:      layout_big_octagon, vehumet_statue, old_standard_altar,
          trog_ov_bears_minmay, uniq_maurice
D:10:     layout_basic, orc_0_dummy, serial_shops, shop, uniq_grum
D:11:     layout_rooms, due_lair_maze_entry_diamond, grunt_tengu_nest,
          small_chamber_with_monster, uniq_erica
Temple:   eino_temple_lava

Skill      XL: |  1  2  3  4  5  6  7  8  9 10 11 |
---------------+----------------------------------+-----
Fighting       | 3 4 6 7 8 9 10 | 10.0
Shields        | 3 4 6 7 8 9 10 | 10.0
Long Blades    | 3 4 |  4.3
Dodging        | 4 6 7 |  7.2
Armour         | 4 5 6 |  6.1

Action                   |  1- 3 |  4- 6 |  7- 9 | 10-12 || total
-------------------------+-------+-------+-------+-------++-------
Melee: Long sword        |   113 |   115 |       |       ||   228
       Bite              |    10 |    23 |    92 |   100 ||   225
       Dagger            |       |   136 |   655 |   620 ||  1411
       Scimitar          |       |       |       |     2 ||     2
Throw: Javelin           |       |       |     1 |     6 ||     7
Invok: Potion Petition   |       |       |       |     2 ||     2
Evoke: Wand              |       |       |     4 |     9 ||    13
  Use: Potion            |       |     2 |     5 |     6 ||    13
       Scroll            |       |     1 |    14 |     6 ||    21
 Stab: Distracted        |       |       |       |     3 ||     3
Armor: Scale mail        |    67 |    76 |    49 |       ||   192
       Skin              |       |       |    17 |       ||    17
       Chain mail        |       |       |    98 |   173 ||   271
Dodge: Dodged            |    33 |    58 |    92 |   148 ||   331
Block: Shield            |    82 |   118 |   285 |   365 ||   850
       Rpst.: Long sword |     9 |     5 |       |       ||    14
       Scimitar          |       |       |       |     4 ||     4
